 Dungeon Crawl Stone Soup version 0.29-a0-878-g7b45a56547 (webtiles) character file.

Game seed: 4719770664307404806

304 iguanaiguana the Shooter (level 6, -7/30 HPs)
             Began as a Spriggan Hunter on July 20, 2022.
             Was an Initiate of Elyvilon.
             Mangled by a +4 dire flail of speed (10 damage)
             ... created by the rancor of the Wu Jian Council
             ... on level 4 of the Dungeon.
             The game lasted 00:11:37 (2951 turns).

iguanaiguana the Shooter (Spriggan Hunter)          Turns: 2951, Time: 00:11:38

Health: -7/30      AC:  2    Str:  7    XL:     6   Next: 15%
Magic:  7/7        EV: 20    Int: 10    God:    Elyvilon [......]
Gold:   217        SH:  0    Dex: 21    Spells: 5/5 levels left

rFire   . . .      SeeInvis +   a - +0 shortbow
rCold   . . .      Faith    .   (shield currently unavailable)
rNeg    . . .      Spirit   .   c - +0 robe
rPois   .          Reflect  .   (helmet restricted)
rElec   .          Harm     .   (no cloak)
rCorr   .          Rampage  .   (gloves unavailable)
Will    +....                   (boots unavailable)
Stlth   +++.......              (no amulet)
HPRegen 0.10/turn               (no ring)
MPRegen 0.10/turn               (no ring)

@: slowed, quick
A: very small, no large weapons, unfitting armour, see invisible, speed 3
a: Renounce Religion


You were on level 4 of the Dungeon.
You worshipped Elyvilon.
Elyvilon was noncommittal.
You visited 1 branch of the dungeon, and saw 4 of its levels.
You also visited: Sewer.

You collected 217 gold pieces.

Inventory:

Hand Weapons
 a - a +0 shortbow (weapon)
 n - a +0 dagger
 p - a +0 dagger of electrocution
Missiles
 r - 18 poisoned darts
Armour
 c - a +0 robe (worn)
 x - an orb of energy
Jewellery
 d - a ring of flight
Wands
 o - a wand of light (12)
 z - a wand of polymorph (6)
Scrolls
 b - a scroll of immolation
 e - a scroll of magic mapping {@r5}
 f - a scroll of fog
 g - 2 scrolls of vulnerability
 h - a scroll of amnesia
 i - a scroll of enchant armour
 l - a scroll of brand weapon
 v - a scroll of teleportation {unknown}
 y - a scroll of enchant weapon {unknown}
 C - a scroll of torment {unknown}
Potions
 j - a potion of degeneration
 k - a potion of lignification
 q - a potion of cancellation {unknown}
 s - 3 potions of flight
 t - 3 potions of curing {@q1}
 u - a potion of magic {unknown}
 w - a potion of heal wounds {unknown}
 A - a potion of haste {unknown}
 D - a potion of brilliance {unknown}


   Skills:
 - Level 2.0 Fighting
 + Level 6.3 Ranged Weapons
 - Level 5.0 Dodging
 - Level 3.0 Stealth


You had 5 spell levels left.
You didn't know any spells.
Your spell library contained the following spells:

 Spells                   Type           Power      Damage    Failure   Level
 Summon Small Mammal      Summ           0%         N/A       36%         1
 Call Canine Familiar     Summ           0%         N/A       75%         3
 Summon Guardian Golem    Hex/Summ       0%         N/A       75%         3
 Summon Lightning Spire   Summ/Air       0%         N/A       98%         4
 Storm Form               Tmut/Air       0%         N/A       100%        7
 Maxwell's Capacitive Co  Air            0%         ∞         100%        8


Dungeon Overview and Level Annotations

Branches:
Dungeon (4/15) Zot: 22182   Sewer (visited)
 Temple: D:4-7

Altars:
Wu Jian


Innate Abilities, Weirdness & Mutations

You are very small and have problems with some larger weapons.
You are too small for most types of armour.
You have supernaturally acute eyesight. (SInv)
You cover ground extremely quickly. (Speed+++)


Message History

Unknown command.
A jelly comes into view.
The jelly quivers.
Found 7 gold pieces.
You shoot an arrow. The arrow hits the jelly!
The jelly is severely wounded.
You shoot an arrow. The arrow hits the jelly!
You kill the jelly!
You now have 206 gold pieces (gained 7).
You can now purify yourself.
There is an escape hatch in the ceiling here.
You can no longer purify yourself.
An adder comes into view.
You shoot an arrow. The arrow hits the adder.
The adder hisses angrily.
The adder is lightly wounded.
You shoot an arrow. The arrow hits the adder!
You kill the adder!
No target in view!
B - 2 scrolls of identify {@r1} (gained 1)
You now have 217 gold pieces (gained 11).
Sifu Xiang Ba whispers: Nowhere to run... 5 dancing weapons come into view.
There is a +4 dire flail of speed.
There is a +0 vorpal glaive.
There is a +1 dire flail of flaming.
There is a +4 quarterstaff of electrocution.
There is a +1 vorpal rapier.
As you read the scroll of identify {@r1}, it crumbles to dust.
i - a scroll of enchant armour
As you read the scroll of identify {@r1}, it crumbles to dust.
l - a scroll of brand weapon The +1 vorpal rapier hits you.
The +4 dire flail of speed hits you!
* * * LOW HITPOINT WARNING * * *
As you read the scroll labelled CUINA SOAGIR, it crumbles to dust.
You hear a loud clanging noise!
It was a scroll of noise.
You hear a shout!
The +0 vorpal glaive hits you from afar.
* * * LOW HITPOINT WARNING * * *
x2 The +4 dire flail of speed hits you.
* * * LOW HITPOINT WARNING * * *
The +4 dire flail of speed hits you!
You die...

#### ### ##### #(( .. #...#
#(# #.###...### #@#
#.#.......# # ########(#
####.PP.P..... ##.
#.......(###....†..8....#
...##........#.........8..###
.....###................#
#...#.........#.#...####
#...#.#..##.###<##.## #
#......>.# .# # #.# #
#..##.##.# .# #.# #


You could see 5 dancing weapons.

Vanquished Creatures
  2 kobold brigands (Sewer)
  A jelly (D:4)
  2 river rats
  3 adders
  An ufetubus (D:3)
  An adder zombie (D:4)
  3 worms
  A dart slug (D:2)
  An orc (D:3)
  6 ball pythons
  8 endoplasms
  5 giant cockroaches
  5 hobgoblins
  3 jackals (Sewer)
  3 quokkas
  5 bats
  A frilled lizard (D:3)
  10 goblins
  6 kobolds
  7 rats
74 creatures vanquished.

Vanquished Creatures (others)
  A withered plant (D:4)
1 creature vanquished.

Grand Total: 75 creatures vanquished

Notes
Turn   | Place    | Note
-------+----------+-------------------------------------------
     0 | D:1      | iguanaiguana the Spriggan Hunter began the quest for the
                  | Orb.
     0 | D:1      | Reached XP level 1. HP: 10/10 MP: 2/2
   242 | D:1      | Reached XP level 2. HP: 15/15 MP: 3/3
   435 | D:1      | Found a faded altar of an unknown god.
  1077 | D:2      | Reached XP level 3. HP: 12/18 MP: 4/4
  1142 | D:2      | Found an ornate altar of the Wu Jian Council.
  1153 | D:2      | Became a worshipper of the Wu Jian Council
  1755 | D:3      | Reached skill level 5 in Dodging
  1755 | D:3      | Reached XP level 4. HP: 23/23 MP: 5/5
  1830 | D:3      | Reached * piety under Wu Jian
  1857 | D:3      | Found a glowing drain.
  1861 | Sewer    | Entered a sewer
  1920 | Sewer    | Noticed a kobold brigand
  1923 | Sewer    | Noticed a kobold brigand
  1943 | Sewer    | Killed a kobold brigand
  1944 | Sewer    | Reached skill level 5 in Ranged Weapons
  1944 | Sewer    | Reached XP level 5. HP: 20/26 MP: 6/6
  2052 | Sewer    | Found a white marble altar of Elyvilon.
  2061 | Sewer    | Fell from the grace of Wu Jian
  2061 | Sewer    | Became a worshipper of Elyvilon the Healer
  2215 | D:3      | Reached skill level 6 in Ranged Weapons
  2792 | D:4      | Reached XP level 6. HP: 30/30 MP: 7/7
  2812 | D:4      | Reached * piety under Elyvilon
  2949 | D:4      | Noticed a +4 dire flail of speed
  2949 | D:4      | Noticed a +0 vorpal glaive
  2949 | D:4      | Noticed a +1 dire flail of flaming
  2949 | D:4      | Noticed a +4 quarterstaff of electrocution
  2949 | D:4      | Noticed a +1 vorpal rapier
  2951 | D:4      | Mangled by a +4 dire flail of speed

Illustrated notes

Levels and vault maps discovered:
D:1:      lightli_arrival_noodles, layout_basic,
          ebering_ecumenical_altar_petrified, amcnicky_mini_corridor_feature
D:2:      layout_basic, basic_altar, minmay_misc_feat_iff, minivault_19,
          minmay_tetromino_s2
D:3:      layout_rooms, gup_sewer_entry_spiral
D:4:      layout_loops_corners, serial_undead, serial_undead_e, serial_undead_c,
          serial_undead_c, serial_undead_e, uniq_menkaure

Skill      XL: |  1  2  3  4  5 |
---------------+----------------+-----
Stealth        | 3 |  3.0
Fighting       | 2 |  2.0
Dodging        | 3 5 |  5.0
Ranged Weapons | 5 6 |  6.3

Action                   |  1- 3 |  4- 6 || total
-------------------------+-------+-------++-------
 Fire: Shortbow          |   100 |    96 ||   196
  Use: Scroll            |     6 |     3 ||     9
Armor: Robe              |     4 |       ||     4
Dodge: Dodged            |    27 |    16 ||    43

Table legend: (Time is in decaauts)
 A = Elapsed time spent in this place.
 B = Non-inter-level travel time spent in this place.
 C = Inter-level travel time spent in this place.
 D = Time resting spent in this place.
 E = Time spent auto-exploring this place.
 F = Levels seen in this place.
 G = Mean time per level.
                   A        B        C        D        E       F      G
               +--------+--------+--------+--------+--------+-----+--------+
         Total |   2060 |   1769 |    291 |      0 |   1181 |   5 |  412.0 |
       Dungeon |   1815 |   1524 |    291 |      0 |   1071 |   4 |  453.8 |
         Sewer |    244 |    244 |      0 |      0 |    110 |   1 |  244.0 |
               +--------+--------+--------+--------+--------+-----+--------+

Top non-repeatable levels by time:
     D:2: 607 daAuts
     D:1: 536 daAuts
     D:3: 436 daAuts
   Sewer: 244 daAuts
     D:4: 235 daAuts
